 Dungeon Crawl Stone Soup version 0.25.1-2-g60ff931df9 (webtiles) character file.

Game seed: 13442657338290907413

79816 Ijustatesigmund the Tortoise (level 15, -1/148 HPs)
             Began as a Deep Dwarf Fighter on Sept 2, 2020.
             Was a High Priest of Trog.
             Slain by a deep elf knight
             ... wielding a +0 scimitar
              (5 damage)
             ... on level 1 of the Elven Halls on Sept 3, 2020.
             The game lasted 01:30:38 (18015 turns).

Ijustatesigmund the Tortoise (Deep Dwarf Fighter)  Turns: 18015, Time: 01:30:40

Health: -1/148     AC: 28    Str: 23    XL:     15   Next: 22%
Magic:  5/5 (16)   EV: 17    Int: 19    God:    Trog [*****.]
Gold:   1122       SH: 14    Dex: 14    Spells: 14/14 levels left

rFire    + + .     SeeInvis .   I - +3 broad axe (antimagic)
rCold    + . .     Gourm    .   Q - +2 kite shield {reflect}
rNeg     + . .     Faith    .   U - +6 chain mail of Classification {rPois Str+3}
rPois    +         Spirit   .   K - +1 hat "Emup" {Int+5}
rElec    +         Reflect  +   D - +1 cloak of Starlight {rElec rC+ EV+4 Stlth--}
rCorr    .         Harm     .   J - +1 pair of gloves of Ludelor {rF++ Dex-3}
MR       +++..                  L - +1 pair of boots {Stlth+}
Stlth    ..........             (no amulet)
HPRegen  0.00/turn              g - ring "Dumuics" {Int+4 Slay+3 Stlth+}
MPRegen  0.09/turn              o - ring of protection from magic

@: lethally poisoned (-1 -> -1), non-regenerating, lightly drained
A: damage resistance, heal wounds, negative energy resistance 1, sense
surroundings 2, no regeneration
a: Heal Wounds, Berserk, Trog's Hand, Brothers in Arms, Renounce Religion


You were on level 1 of the Elven Halls.
You worshipped Trog.
Trog was extremely pleased with you.
You were not hungry.

You visited 4 branches of the dungeon, and saw 18 of its levels.
You also visited: Bailey and Gauntlet.

You collected 1769 gold pieces.
You spent 647 gold pieces at shops.

Inventory:

Hand Weapons
 a - a +5 war axe of protection
 B - a +1 vorpal flail
 C - a +2 battleaxe of flaming
 I - a +3 antimagic broad axe (weapon)
Missiles
 d - 16 silver javelins
 p - 21 poisoned darts (quivered)
Armour
 b - a +2 plate armour of fire resistance
 i - a +1 pair of gloves
 s - a +1 helmet
 v - a +1 buckler of resistance
 w - a +1 cloak
 D - the +1 cloak of Starlight (worn) {rElec rC+ EV+4 Stlth--}
   (You found it in a bailey)

   It affects your evasion (+4).
   It protects you from cold.
   It insulates you from electricity.
   It makes you much less stealthy.
 J - the +1 pair of gloves of Ludelor (worn) {rF++ Dex-3}
   (You found it in a Gauntlet)

   It affects your dexterity (-3).
   It greatly protects you from fire.
 K - the +1 hat "Emup" (worn) {Int+5}
   (You found it in a Gauntlet)

   It affects your intelligence (+5).
 L - a +1 pair of boots of stealth (worn)
 M - a scarf of repulsion
 O - a +1 crystal plate armour
 Q - a +2 kite shield of reflection (worn)
 T - a scarf of repulsion
 U - the +6 chain mail of Classification (worn) {rPois Str+3}
   (You found it on level 1 of the Orcish Mines)

   It affects your strength (+3).
   It protects you from poison.
Jewellery
 c - an uncursed amulet of faith
 g - the ring "Dumuics" (left hand) {Int+4 Slay+3 Stlth+}
   (You bought it in a shop on level 4 of the Dungeon)

   [ring of stealth]

   It affects your intelligence (+4).
   It affects your accuracy and damage with ranged weapons and melee attacks
   (+3).
   It makes you more stealthy.
 o - a ring of protection from magic (right hand)
 H - an uncursed ring of ice
 P - an uncursed ring of fire
Wands
 e - a wand of disintegration (6)
 t - a wand of paralysis (4)
 A - a wand of polymorph (17)
 G - a wand of iceblast (9)
 V - a wand of flame (9)
Scrolls
 h - 6 scrolls of identify
 l - 3 scrolls of fog
 r - 7 scrolls of remove curse
 y - 2 scrolls of blinking
Potions
 j - 4 potions of stabbing
 k - 2 potions of cancellation
 m - 5 potions of brilliance
 n - a potion of heal wounds
 u - 2 potions of lignification
 x - 3 potions of might
 z - 2 potions of haste
 E - a potion of flight
 R - a potion of ambrosia
Miscellaneous
 F - a phantom mirror
Comestibles
 f - 35 rations


   Skills:
 - Level 13.3(12.9) Fighting
 - Level 14.0(13.6) Axes
 + Level 16.4(15.9) Armour
 + Level 9.8(9.4) Dodging
 - Level 2.0(1.7) Stealth
 + Level 9.7(9.3) Shields
 + Level 15.6(15.1) Evocations


You had 14 spell levels left.
You didn't know any spells.
Your spell library contained the following spells:

 Spells                   Type           Power        Failure   Level  Hunger
 Beastly Appendage        Tmut           #.....       88%         1    ##.....
 Sticks to Snakes         Tmut           #.......     95%         2    ###....
 Spider Form              Tmut/Pois      #.........   99%         3    ####...
 Ice Form                 Ice/Tmut       #.......     100%        4    #####..
 Blade Hands              Tmut           #.........   100%        5    ######.


Dungeon Overview and Level Annotations

Branches:
Dungeon (14/15)            Temple (1/1) D:6            Lair (0/6) D:8
    Orc (2/2) D:11            Elf (1/3) Orc:2        Vaults (0/5) D:14
 Bailey (visited)         Gauntlet (visited)

Altars:
Ashenzari
Cheibriados
Dithmenos
Elyvilon
Fedhas
Gozag
Hepliaklqana
Kikubaaqudgha
Makhleb
Nemelex Xobeh
Okawaru
Qazlal
Ru
Sif Muna
Trog
Uskayaw
Vehumet
Wu Jian
Xom
Yredelemnul
Zin
The Shining One
Beogh

Shops:
D:4 =   D:7 [   D:9 !   D:10 [   D:12 %

Annotations:
D:9 1 runed translucent door
Elf:1 5 runed translucent doors


Innate Abilities, Weirdness & Mutations

You are resistant to damage.
You can heal yourself by infusing magical energy.
You resist negative energy. (rN+)
You passively map the area around you.
You do not regenerate.


Message History

You slice the deep elf demonologist!!
The deep elf demonologist's magic leaks into the air.
The deep elf demonologist is heavily wounded.
You slash something!
You hit the soul eater but do no damage.
You hit the Hell Sentinel.
The Hell Sentinel's magic leaks into the air.
You slash the cacodemon!
The cacodemon's magic leaks into the air.
You slash the soul eater!
The soul eater's magic leaks into the air.
The Hell Sentinel hits you.
* * * LOW HITPOINT WARNING * * *
The Hell Sentinel hits you!
* * * LOW HITPOINT WARNING * * *
The soul eater hits you but does no damage.
The cacodemon closely misses you.
The cacodemon hits you but does no damage.
Something hits you.
You die...

...'.# ,, ,,, , ...'.# ** #.
**#.......(... #..#.# #.
........... ...'.# #.*
*........... ...'.### #.*
.....(.... , #.%#...## #.
##........#, ...§.33.#######§
##.((....... ,
...sx4...'....§1####)).........
#88#)....'....e2@3§§().)...(...
####(e...#####23e{§§###########
##.)))..## #.#§§§§.######...###
....)..### #..§§§§...##...#...#
.e##.....# #....§..)..#.#####).
).#......# ###.e........#.##
### ).....(..#
#.....8#8):..(..# #
.........###.....###._..#).# #
.........'..(....8#8..(.(((# #


You could see a Hell Sentinel (summoned), a cacodemon (summoned), a hell beast
(summoned), 2 soul eaters, a deep elf demonologist (empowered) and a deep elf
high priest.

Vanquished Creatures
  2 deep elf sorcerers
  The ghost of DildoBatman the Geomancer, a journeyman FoWz of Kikubaaqudgha (Orc:1)
  A deep elf demonologist (Elf:1)
  A minotaur (Gauntlet)
  A deep elf annihilator (D:14)
  A deep elf high priest (Elf:1)
  An ogre mage (D:12)
  A rakshasa (D:12)
  3 hydras (D:12)
  A vault guard (D:14)
  4 centaur warriors
  2 two-headed ogres
  6 dancing weapons (Elf:1)
  4 orc high priests (Orc:2)
  A tengu warrior (D:12)
  6 deep elf knights
  3 unseen horrors
  5 deep elf archers (Elf:1)
  2 large abominations (Gauntlet)
  An obsidian statue (Gauntlet)
  Pikel (D:6)
  6 orc knights
  A wizard (D:14)
  29 deep elf magi
  4 ugly things
  4 manticores
  3 cyclopes
  An ice statue (Gauntlet)
  2 gargoyles
  4 centaur skeletons
  4 komodo dragons
  2 kobold demonologists (D:14)
  2 rime drakes (Gauntlet)
  2 efreet
  2 ice devils (D:12)
  7 trolls
  A queen bee (D:12)
  2 hornets (D:12)
  2 meliai (D:12)
  3 slime creatures
  4 hippogriffs
  A centaur simulacrum (D:14)
  A wyvern (D:12)
  13 yaks
  2 air elementals (Elf:1)
  5 water elementals
  4 shadows (D:12)
  Sigmund (D:2)
  2 vampires
  12 wraiths
  9 vampire mosquitoes
  3 hungry ghosts
  Edmund (D:6)
  Menkaure (D:7)
  A water moccasin (D:12)
  3 wargs
  An acid dragon (D:12)
  3 porcupines (D:8)
  6 sky beasts
  6 small abominations
  An eye of draining (D:12)
  2 necrophages (D:11)
  30 orc warriors
  18 ogres
  2 slaves (D:6)
  2 black bears (D:12)
  5 phantoms
  5 ice beasts
  2 centaurs
  4 crocodiles
  5 big kobolds
  14 bullfrogs
  3 scorpions
  36 killer bees
  7 wights
  5 howler monkeys
  A troll zombie (D:11)
  4 bullfrog zombies
  8 crimson imps
  A centaur zombie (D:12)
  2 quasits
  20 orc priests
  A bullfrog skeleton (D:11)
  2 gnoll shamans (D:8)
  Crazy Yiuf (D:4)
  6 hounds
  4 jellies
  30 orc wizards
  Jessica (D:3)
  3 iguanas
  Terence (D:2)
  Natasha (thrice) (D:4)
  11 worker ants
  5 ogre zombies (D:11)
  A hound zombie (D:6)
  A hound skeleton (D:10)
  2 worker ant zombies
  17 gnolls
  14 adders
  4 shadow imps
  4 oozes
  2 adder zombies
  A dart slug (D:3)
  5 leopard geckos
  84 orcs
  9 giant cockroaches
  11 goblins
  8 hobgoblins
  5 jackals
  6 quokkas
  A ball python (D:2)
  4 bats
  5 frilled lizards
  3 goblin zombies (D:11)
  2 hobgoblin skeletons (D:11)
  A hobgoblin zombie (D:11)
  20 kobolds
  2 orc skeletons (D:11)
  11 orc zombies (D:11)
  4 quokka skeletons
  8 rats
  A crawling corpse (Elf:1)
  A fungus (D:4)
690 creatures vanquished.

Vanquished Creatures (others)
  A deep elf archer (Elf:1)
  2 deep elf magi (Elf:1)
  5 dream sheep (D:6)
  A human (D:5)
  An orc priest (Elf:1)
  An orc (Elf:1)
  4 demonic plants (Gauntlet)
  A plant (D:8)
16 creatures vanquished.

Grand Total: 706 creatures vanquished

Notes
Turn   | Place    | Note
-------+----------+-------------------------------------------
     0 | D:1      | Ijustatesigmund the Deep Dwarf Fighter began the quest for
                  | the Orb.
     0 | D:1      | Reached XP level 1. HP: 20/20 MP: 1/1
     2 | D:1      | Noticed a naga
     2 | D:1      | Noticed a minotaur
     4 | D:1      | Noticed a halfling
     6 | D:1      | Noticed a ghoul
     8 | D:1      | Noticed a vampire
     8 | D:1      | Noticed a spriggan
    10 | D:1      | Noticed a demonspawn
    10 | D:1      | Noticed a draconian
    12 | D:1      | Noticed an elf
    12 | D:1      | Noticed a gargoyle
    14 | D:1      | Noticed a demigod
    14 | D:1      | Noticed a formicid
    16 | D:1      | Noticed a merfolk
    18 | D:1      | Noticed an ogre
    18 | D:1      | Noticed a vine stalker
    20 | D:1      | Noticed a troll
    20 | D:1      | Noticed a felid
    22 | D:1      | Noticed an octopode
    24 | D:1      | Noticed a human
    24 | D:1      | Noticed a tengu
    26 | D:1      | Noticed a centaur
    26 | D:1      | Noticed a dwarf
   178 | D:1      | Reached XP level 2. HP: 22/27 MP: 2/2
   212 | D:1      | Reached skill level 1 in Dodging
   731 | D:2      | Reached skill level 1 in Stealth
   749 | D:2      | Noticed Terence
   757 | D:2      | Reached XP level 3. HP: 27/34 MP: 3/3
   761 | D:2      | Killed Terence
   905 | D:2      | Reached XP level 4. HP: 30/42 MP: 4/4
  1219 | D:2      | Noticed Sigmund
  1232 | D:2      | Killed Sigmund
  1232 | D:2      | Reached XP level 5. HP: 45/50 MP: 5/5
  1543 | D:3      | Reached XP level 6. HP: 48/57 MP: 6/6
  1691 | D:3      | Noticed Jessica
  1698 | D:3      | Killed Jessica
  1828 | D:3      | Reached skill level 1 in Evocations
  2166 | D:4      | Noticed Natasha
  2174 | D:4      | Killed Natasha
  2271 | D:4      | Found Miq Qeff's Jewellery Emporium.
  2318 | D:4      | Found a shimmering blue altar of Sif Muna.
  2318 | D:4      | Found a glowing golden altar of the Shining One.
  2319 | D:4      | Found a stormy altar of Qazlal.
  2436 | D:4      | Noticed Natasha
  2448 | D:4      | Killed Natasha
  2498 | D:4      | Noticed Natasha
  2505 | D:4      | Killed Natasha
  2697 | D:4      | Found a runed translucent door.
  2698 | D:4      | Noticed Crazy Yiuf
  2709 | D:4      | Killed Crazy Yiuf
  2765 | D:5      | Entered Level 5 of the Dungeon
  2809 | D:5      | Reached skill level 5 in Axes
  2809 | D:5      | Reached XP level 7. HP: 39/66 MP: 9/9
  3033 | D:5      | Reached skill level 5 in Fighting
  3074 | D:5      | Found an ancient bone altar of Kikubaaqudgha.
  3076 | D:5      | Noticed a human
  3079 | D:5      | Killed a human
  3682 | D:6      | Reached skill level 5 in Evocations
  3736 | D:6      | Reached XP level 8. HP: 47/75 MP: 11/11
  3910 | D:6      | Noticed Pikel
  3918 | D:6      | Paralysed by Pikel for 6 turns
  3929 | D:6      | Killed Pikel
  3929 | D:6      | Reached skill level 4 in Armour
  3939 | D:6      | Noticed a dream sheep
  3939 | D:6      | Noticed a dream sheep
  3939 | D:6      | Noticed a dream sheep
  3939 | D:6      | Noticed a dream sheep
  3939 | D:6      | Noticed a dream sheep
  3939 | D:6      | Found a shimmering altar of Xom.
  3944 | D:6      | Killed a dream sheep
  3946 | D:6      | Killed a dream sheep
  3946 | D:6      | Killed a dream sheep
  3946 | D:6      | Killed a dream sheep
  3947 | D:6      | Killed a dream sheep
  4180 | D:6      | Noticed Edmund
  4199 | D:6      | Killed Edmund
  4266 | D:6      | Gained mutation: You passively map the area around you.
                  | [Deep Dwarf growth]
  4266 | D:6      | Reached XP level 9. HP: 59/82 MP: 10/10
  4457 | D:6      | Found a staircase to the Ecumenical Temple.
  4467 | Temple   | Entered the Ecumenical Temple
  4751 | D:7      | Reached skill level 5 in Dodging
  4845 | Temple   | Became a worshipper of Trog the Wrathful
  5158 | D:7      | Found Jousoejya's Antique Armour Shop.
  5240 | D:7      | Found a flagged portal.
  5246 | Bailey   | Entered a bailey
  5327 | Bailey   | Noticed an orc knight
  5413 | Bailey   | Noticed an orc knight
  5418 | Bailey   | Reached * piety under Trog
  5428 | Bailey   | Killed an orc knight
  5633 | Bailey   | Noticed an orc knight
  5648 | Bailey   | Killed an orc knight
  5648 | Bailey   | Reached XP level 10. HP: 58/94 MP: 10/12
  5668 | Bailey   | Killed an orc knight
  5924 | Bailey   | Found the +1 cloak of Starlight {rElec rC+ EV+4 Stlth--}
  6182 | D:7      | Reached skill level 10 in Axes
  6401 | D:7      | Noticed Menkaure
  6407 | D:7      | Killed Menkaure
  6761 | D:8      | Reached ** piety under Trog
  6783 | D:8      | Found an opulent altar of Gozag.
  6848 | D:8      | Reached skill level 10 in Evocations
  7094 | D:8      | Found a staircase to the Lair.
  7125 | D:8      | Noticed a cyclops
  7139 | D:8      | Killed a cyclops
  7426 | D:8      | Found the +5 scythe "Finisher" {speed, eviscerate}
  7441 | D:8      | Reached skill level 5 in Armour
  7441 | D:8      | Reached skill level 5 in Shields
  7441 | D:8      | Reached XP level 11. HP: 45/100 MP: 17/17
  7555 | D:9      | Found Logysitu's Distillery.
  7564 | D:9      | Bought a potion of heal wounds for 60 gold pieces
  7564 | D:9      | Bought 2 potions of curing for 72 gold pieces
  7564 | D:9      | Bought a potion of heal wounds for 60 gold pieces
  7973 | D:9      | Found a runed translucent door.
  8012 | D:9      | Noticed a sixfirhy
  8171 | D:4      | Bought the ring "Dumuics" {Int+4 Slay+3 Stlth+} for 455
                  | gold pieces
  8472 | D:10     | Entered Level 10 of the Dungeon
  8518 | D:10     | Reached *** piety under Trog
  8976 | D:10     | Found Yjecixem's Armour Shoppe.
  8996 | D:10     | Reached skill level 6 in Armour
  9236 | D:11     | Identified 2 scrolls of acquirement
  9236 | D:11     | Acquired a manual of Armour
  9240 | D:11     | Acquired a manual of Fighting
  9302 | D:11     | Found a gate leading to a gauntlet.
  9309 | D:11     | Noticed a purple ugly thing
  9314 | Gauntlet | Entered a Gauntlet
  9314 | Gauntlet | Found a transporter.
  9314 | Gauntlet | Found a transporter.
  9314 | Gauntlet | Found a transporter.
  9319 | Gauntlet | Found a transporter.
  9335 | Gauntlet | Found a transporter.
  9339 | Gauntlet | Found a transporter.
  9340 | Gauntlet | Found a transporter.
  9340 | Gauntlet | Found a transporter.
  9340 | Gauntlet | Found a transporter.
  9340 | Gauntlet | Noticed a blizzard demon
  9350 | Gauntlet | Noticed a large abomination
  9456 | Gauntlet | Got a glimmering hat
  9467 | Gauntlet | Identified the +1 hat "Emup" {Int+5} (You found it in a
                  | Gauntlet)
  9482 | Gauntlet | Reached skill level 7 in Armour
  9485 | Gauntlet | Killed a large abomination
  9654 | Gauntlet | Noticed an obsidian statue
  9654 | Gauntlet | Found a transporter.
  9687 | Gauntlet | Killed an obsidian statue
  9721 | Gauntlet | Got a pair of crude gloves
  9732 | Gauntlet | Identified the +1 pair of gloves of Ludelor {rF++ Dex-3}
                  | (You found it in a Gauntlet)
  9734 | Gauntlet | Noticed a death yak
  9734 | Gauntlet | Noticed a death yak
  9734 | Gauntlet | Noticed a death yak
  9734 | Gauntlet | Noticed a death yak
  9736 | Gauntlet | Noticed a necromancer
  9736 | Gauntlet | Noticed a death yak
  9753 | Gauntlet | Noticed a minotaur
  9774 | Gauntlet | Killed a minotaur
  9774 | Gauntlet | Reached skill level 8 in Armour
  9851 | Gauntlet | Identified the Tome of Moulding
  9901 | Gauntlet | Found a transporter.
  9934 | D:11     | Killed a purple ugly thing
  9947 | D:11     | Killed an unseen horror
  9947 | D:11     | Reached skill level 9 in Armour
 10003 | D:11     | Reached XP level 12. HP: 91/116 MP: 16/16
 10040 | D:11     | Reached skill level 10 in Fighting
 10045 | D:11     | Reached **** piety under Trog
 10054 | D:11     | Found a staircase to the Orcish Mines.
 10183 | D:11     | Found a sparkling altar of Nemelex Xobeh.
 10236 | D:11     | Reached skill level 10 in Armour
 10893 | D:12     | Reached skill level 11 in Armour
 10903 | D:12     | Reached ***** piety under Trog
 11039 | D:12     | Found Kayxtaeje's Food Shop.
 11264 | D:12     | Noticed a rakshasa
 11277 | D:12     | Killed a rakshasa
 11496 | D:12     | Noticed a centaur warrior
 11497 | D:12     | Reached skill level 12 in Armour
 11504 | D:12     | Killed a centaur warrior
 11673 | D:12     | Noticed a seven-headed hydra
 11682 | D:12     | Killed a seven-headed hydra
 11701 | D:12     | Noticed a four-headed hydra
 11713 | D:12     | Killed a five-headed hydra
 11713 | D:12     | Reached XP level 13. HP: 81/130 MP: 17/17
 11824 | D:12     | Reached skill level 13 in Armour
 13323 | D:12     | Reached skill level 14 in Armour
 14443 | D:14     | Received a gift from Trog
 14724 | D:14     | Noticed a deep elf annihilator
 14725 | D:14     | Noticed a deep elf sorcerer
 14748 | D:14     | Killed a deep elf sorcerer
 14767 | D:14     | Killed a deep elf annihilator
 15086 | D:14     | Gained mutation: You resist negative energy. (rN+) [Deep
                  | Dwarf growth]
 15086 | D:14     | Reached XP level 14. HP: 112/141 MP: 19/19
 15246 | D:14     | Found a gate to the Vaults.
 15377 | D:14     | Reached skill level 15 in Armour
 15864 | Orc:1    | Entered Level 1 of the Orcish Mines
 15886 | Orc:1    | Received a gift from Trog
 16315 | Orc:1    | Found a runed translucent gate.
 16315 | Orc:1    | Found a runed translucent gate.
 16337 | Orc:1    | Found a runed translucent gate.
 16344 | Orc:1    | Noticed DildoBatman's ghost (journeyman FoWz)
 16374 | Orc:1    | Killed DildoBatman's ghost
 16392 | Orc:1    | Got a faintly humming chain mail
 16403 | Orc:1    | Identified the +6 chain mail of Classification {rPois
                  | Str+3} (You found it on level 1 of the Orcish Mines)
 16441 | Orc:1    | Found a roughly hewn altar of Beogh.
 16599 | Orc:2    | Entered Level 2 of the Orcish Mines
 16719 | Orc:2    | Noticed an orc warlord
 17358 | Orc:2    | Found a staircase to the Elven Halls.
 17372 | Elf:1    | Entered Level 1 of the Elven Halls
 17476 | Elf:1    | Found a radiant altar of Vehumet.
 17508 | Elf:1    | Reached skill level 16 in Armour
 17530 | Elf:1    | Reached skill level 15 in Evocations
 17567 | Elf:1    | Received a gift from Trog
 17757 | Elf:1    | Reached XP level 15. HP: 103/148 MP: 5/17
 17791 | Elf:1    | Found a runed translucent gate.
 17791 | Elf:1    | Found a runed translucent gate.
 17791 | Elf:1    | Found a runed translucent gate.
 17791 | Elf:1    | Found a runed translucent gate.
 17791 | Elf:1    | Found a runed translucent gate.
 17798 | Elf:1    | HP: 1/148 [redback[a deep elf mage] (7)]
 17928 | Elf:1    | Noticed a deep elf sorcerer
 17942 | Elf:1    | Killed a deep elf sorcerer
 18004 | Elf:1    | Noticed a Hell Sentinel
 18010 | Elf:1    | HP: 4/148 [something (7)]
 18015 | Elf:1    | HP: 6/148 [Hell Sentinel[a deep elf demonologist] (3)]
 18015 | Elf:1    | Slain by a deep elf knight

Illustrated notes

Levels and vault maps discovered:
D:1:      kb_arrival_jail, layout_loops_ring, minmay_3d_cube
D:2:      layout_basic, first_ration, minmay_misc_feat_alley, uniq_sigmund,
          uniq_terence
D:3:      layout_loops_cross, uniq_jessica
D:4:      layout_rooms, chequers_temple_overflow_statue_of_worship,
          serial_shops, shop, uniq_natasha, uniq_crazy_yiuf_cottage
D:5:      layout_loops_cross, tgw_kikubaaqudgha
D:6:      minmay_octagon_keep, layout_loops_ring, minmay_temple_entry_fiery,
          kb_xom_exploding_sheep, uniq_pikel, uniq_edmund
D:7:      layout_rooms, enter_bailey_3, serial_shops,
          nicolae_shop_overgrown_old_shop, uniq_menkaure
D:8:      layout_loops_cross, kennysheep_mini_moat, minmay_lair_entry_grove,
          minmay_guarded_unrand_finisher
D:9:      cheibrodos_shockbox, layout_loops_ring, serial_shops, shop
D:10:     layout_long_grid, serial_shops, shop
D:11:     layout_irregular_city, zombieorc1_lemuel, basic_altar,
          gauntlet_entry_generic
D:12:     minmay_the_grid_square_5x5_5x5
          [minmay_the_grid_square_5x5_pentomino_r, minmay_the_grid_square_5x5_z,
          minmay_the_grid_square_5x5_shuriken,
          minmay_the_grid_square_5x5_two_walls_a,
          minmay_the_grid_square_5x5_inset, minmay_the_grid_square_5x5_inner_z,
          minmay_the_grid_square_5x5_prize_deathbox,
          minmay_the_grid_square_5x5_sharp_hourglass,
          minmay_the_grid_square_5x5_prize_itemx,
          minmay_the_grid_square_5x5_tri_point,
          minmay_the_grid_square_5x5_broken_cross, minmay_the_grid_square_5x5_v,
          minmay_the_grid_square_5x5_prize_waves,
          minmay_the_grid_square_5x5_gyroscope, minmay_the_grid_square_5x5_bite,
          minmay_the_grid_square_5x5_hourglass,
          minmay_the_grid_square_5x5_prize_junk, minmay_the_grid_square_5x5_meh,
          minmay_the_grid_square_5x5_prize_open,
          minmay_the_grid_square_5x5_longway,
          minmay_the_grid_square_5x5_beaten_path, minmay_the_grid_square_5x5_n,
          minmay_the_grid_square_5x5_c, minmay_the_grid_square_5x5_two,
          minmay_the_grid_square_5x5_comb], layout_loops_cross, serial_bayou,
          serial_bayou_pond_e, serial_bayou_pond_c,
          portal_ice_cave_demonic_guard, serial_shops, shop, david_nohive_1
D:13:     layout_irregular_city, drop_trap
D:14:     layout_basic, david_vaults_5, minmay_misc_feat_secret_circle,
          bh_hangedman_babel_library
Temple:   dpeg_five_rooms_temple
Orc:1:    layout_caves, gammafunk_ghost_split, basic_altar
Orc:2:    st_orc_mages, layout_caves, serial_shops, nicolae_shop_waterfront,
          nooodl_orcs_dogs
Elf:1:    eino_elf_arrival_altar, layout_gridlike, mu_enter_wizlab_1,
          serial_shops, nicolae_shop_trees, orc_legates

Skill      XL: |  1  2  3  4  5  6  7  8  9 10 11 12 13 14 |
---------------+-------------------------------------------+-----
Dodging        | 1 2 3 4 5 6 9 |  9.8
Fighting       | 3 4 5 6 7 9 12 13 | 13.3
Stealth        | 1 2 |  2.0
Axes           | 3 4 5 6 7 9 10 11 13 14 | 14.0
Evocations     | 3 5 7 12 13 15 | 15.6
Armour         | 4 5 9 12 14 16 | 16.4
Shields        | 4 5 6 9 |  9.7

Action                   |  1- 3 |  4- 6 |  7- 9 | 10-12 | 13-15 || total
-------------------------+-------+-------+-------+-------+-------++-------
Melee: War axe           |    88 |   152 |   299 |   951 |   809 ||  2299
       Flail             |       |       |       |    12 |     8 ||    20
       Broad axe         |       |       |       |       |   123 ||   123
Throw: Javelin           |     3 |    11 |       |       |       ||    14
       Dart              |       |    22 |    47 |    33 |     5 ||   107
Invok: Trog's Hand       |       |       |       |    17 |    28 ||    45
       Berserk           |       |       |       |     8 |     5 ||    13
 Abil: Heal Wounds       |       |     2 |     7 |     9 |    21 ||    39
Evoke: Wand              |       |       |    32 |    21 |    21 ||    74
  Use: Scroll            |     5 |    11 |    10 |     6 |    11 ||    43
       Potion            |     1 |     1 |     4 |     6 |     8 ||    20
 Stab: Sleeping          |     1 |     3 |     3 |       |       ||     7
       Paralysed         |       |       |    16 |     9 |     1 ||    26
       Invisible         |       |       |       |     1 |       ||     1
       Confused          |       |       |       |       |     1 ||     1
  Eat: Chunk             |       |     6 |     9 |    28 |    17 ||    60
       Ration            |       |       |       |     3 |     6 ||     9
Armor: Scale mail        |    46 |    49 |   109 |    76 |       ||   280
       Plate armour      |       |       |       |   371 |   220 ||   591
       Skin              |       |       |       |       |     4 ||     4
       Chain mail        |       |       |       |       |   168 ||   168
Dodge: Dodged            |    40 |    44 |   157 |   441 |   373 ||  1055
Block: Kite shield       |    39 |    46 |       |   321 |   576 ||   982
       Buckler           |       |     6 |    66 |   137 |       ||   209
       Reflection        |       |       |       |     3 |    46 ||    49
